 Dungeon Crawl Stone Soup version 0.17-a0-2118-g63bad21 (webtiles) character file.

22 Duffy the Caller (level 2, 0/20 HPs)
             Began as a Hill Orc Summoner on Oct 20, 2015.
             Slain by a jackal (2 damage)
             ... on level 2 of the Dungeon.
             The game lasted 00:01:40 (1707 turns).

Duffy the Caller (Hill Orc Summoner)                Turns: 1707, Time: 00:01:40

Health: 0/20       AC:  3    Str: 10    XL:     2   Next: 91%
Magic:  5/5        EV: 12    Int: 15    God:
Gold:   23         SH:  0    Dex: 11    Spells: 2 memorised, 2 levels left

rFire  + . .     SeeInvis .     d - +0 short sword
rCold  . . .     Clarity  .     a - +0 robe
rNeg   + . .     SustAt   .     (no shield)
rPois  .         Gourm    .     h - +0 helmet (curse)
rElec  .         Spirit   .     (no cloak)
rCorr  .         Warding  +     (no gloves)
rMut   .         Stasis   .     (no boots)
MR     .....                    m - amulet of warding
Stlth  ++........               i - ring of protection from fire
                                f - ring of invisibility

@: not resistant to hostile enchantments, unstealthy
A: no striking features
a: Evoke Invisibility


You were on level 2 of the Dungeon.
You were not hungry.

You visited 1 branch of the dungeon, and saw 2 of its levels.

You collected 23 gold pieces.


   Skills:
 - Level 1.5 Dodging
 - Level 1.5 Stealth
 + Level 2.3 Spellcasting
 + Level 4.2 Summonings


You had 2 spell levels left.
You knew the following spells:

 Your Spells              Type           Power        Failure   Level  Hunger
a - Summon Small Mammal   Summ           ##..         4%          1    #......
i - Call Imp              Summ           ##......     8%          2    ###....

Inventory:

Hand Weapons
 d - a +0 short sword (weapon)
Missiles
 l - 50 stones (quivered)
Armour
 a - a +0 robe (worn)
 h - a cursed +0 helmet (worn)
Jewellery
 f - a ring of invisibility (left hand)
 i - a ring of protection from fire (right hand)
 m - an amulet of warding (around neck)
Scrolls
 n - a scroll of random uselessness {unknown}
Potions
 e - a potion of heal wounds {unknown}
 g - a potion of flight {unknown}
 j - a potion of curing {unknown}
Books
 b - a book of Callings
Comestibles
 c - 2 bread rations
 k - a meat ration

Dungeon Overview and Level Annotations

Branches:
Dungeon (2/15)

Altars:


Message History

The jackal is moderately wounded.
The bat barely misses you.
The jackal pauses to sniff the ground.
The jackal closely misses you. The hobgoblin closely misses you.
The kobold throws a stone.
The stone barely misses you.
The jackal bites you but does no damage. x2
You barely miss the jackal.
The jackal is moderately wounded.
The jackal closely misses you.
The jackal bites you but does no damage.
The hobgoblin closely misses you. The jackal completely misses you.
The bat hits you but does no damage. The jackal bites you.
You closely miss the bat.
The bat is severely wounded.
The bat barely misses you. The jackal barely misses you.
The jackal closely misses you.
The kobold throws a stone.
The stone closely misses you. The jackal bites you.
The hobgoblin hits you with a club. The worm bites you. The jackal misses you.
The jackal closely misses you.
You are too injured to fight recklessly!
You are too injured to fight recklessly!
You are too injured to fight recklessly!
You are too injured to fight recklessly!
You are too injured to fight recklessly!
You are too injured to fight recklessly!
You are too injured to fight recklessly!
The bat misses you.
The jackal bites you but does no damage.
The jackal closely misses you. The bat closely misses you.
The jackal bites you.
The jackal bites you but does no damage. x3
The bat hits you but does no damage. The jackal barely misses you.
The bat hits you but does no damage. x2
The jackal barely misses you. The jackal bites you.
You die...

..... .........##.#
.....##............
....#.............
#.........%......#
#..#...........
####.....g....###.
#..%....KKw(.#....
.#)...bh#h.##.##..
....?.#.@h.........
###...............
#.............##
#.............#
#.......!......#
....#..........#
..####.........# ##
#.........#
##.......##


You could see 3 jackals, a hobgoblin, a bat and 2 kobolds.

Action                   || total
-------------------------++-------
Melee: Short sword       ||    61
 Cast: Summon Small Mamm ||     7
       Call Imp          ||     1
 Stab: Sleeping          ||     1
  Eat: Bread ration      ||     1

Notes
Turn   | Place    | Note
--------------------------------------------------------------
     0 | D:1      | Duffy the Hill Orc Summoner began the quest for the Orb.
     0 | D:1      | Reached XP level 1. HP: 14/14 MP: 3/3
   631 | D:1      | Reached skill level 2 in Spellcasting
   631 | D:1      | Reached XP level 2. HP: 4/20 MP: 0/5
  1036 | D:1      | Learned a level 2 spell: Call Imp
  1707 | D:2      | Slain by a jackal

Vault maps used:
D:1:      roderic_dead_forest
D:2:      lemuel_statue_altar

Vanquished Creatures
  A gnoll
  An ooze
  A giant gecko
  A hobgoblin
  A jackal
  A bat
  2 giant newts
  2 goblins
  2 kobolds
  4 rats
16 creatures vanquished.
